cohdb
Replays
Latest Replays
All Replays
Popular Replays
Top Player Replays
Match Explorer
How It Works
Community
CoH3 Stats
Reddit
Sign in to upload your games and track your stats! →
Sign in with Steam
Match 37571302
Unlisted
Match 37571302
Overview
Messages
Build Orders
End
Construct Barracks
Selects Airborne Battlegroup
Selects Heavy Machine Gun Paradrop
Heavy Machine Gun Paradrop
1⁄4-ton 4x4 Truck
Riflemen Squad
Riflemen Squad
Selects Paratrooper Squad Paradrop
Grenade Package
Paratrooper Squad Paradrop
Paratrooper Squad Paradrop
Mechanized Support Center
Scout Squad
Selects Recon Loiter
Recon Loiter
Construct Tank Depot
Selects Supply Drop
M4A1 Sherman Medium Tank
M4A1 Sherman Medium Tank
M4A1 76mm Conversion
Improvised Armor
Designate Forward Repair Station
Selects Dual P-47 Rocket Strike
Dual P-47 Rocket Strike
Paratrooper Squad Paradrop
Recon Loiter
M4A1(76) Sherman Medium Tank
Dual P-47 Rocket Strike
Paratrooper Squad Paradrop
Recon Loiter
Engineer Squad
Meta warrioR
chokladkopp
CrackSensation
PatriceLumumba400
kristianjohnsen
Thrusher
0
0
Comments
sign in to comment!
No comments posted yet!